 Dungeon Crawl Stone Soup version 0.27.1-4-g1640c2035a (webtiles) character file.

Game seed: 17210946478061469547

1801 Fulminus the Magician (level 9, -4/63 HPs)
             Began as a Djinni Hedge Wizard on Nov 13, 2021.
             Was a Follower of Makhleb.
             Killed from afar by a gargoyle (10 damage)
             ... with a stone arrow
             ... on level 8 of the Dungeon.
             The game lasted 00:37:43 (11181 turns).

Fulminus the Magician (Djinni Hedge Wizard)        Turns: 11181, Time: 00:37:44

Health: -4/63      AC:  3    Str:  9    XL:     9   Next: 30%
Gold:   294        EV: 16    Int: 18    God:    Makhleb [*.....] SH:  0 Dex: 14

rFire    + + .     SeeInvis .   y - +2 flail (holy)
rCold    x . .     Faith    .   (no shield)
rNeg     . . .     Spirit   .   b - +0 robe
rPois    ∞         Reflect  .   c - +0 hat
rElec    .         Harm     .   (no cloak)
rCorr    .         Rampage  .   n - +0 pair of gloves
Will     .....                  (boots unavailable)
Stlth    ++........             (no amulet)
HPRegen  0.20/turn              B - +4 ring of evasion
MPRegen  0.00/turn              (no ring)

@: flying
A: sickness immunity, fire resistance 2, cold vulnerability 1, float, innate
caster, hp casting, extra vitality 1
a: Renounce Religion


You were on level 8 of the Dungeon.
You worshipped Makhleb.
Makhleb was aware of your devotion.
You visited 1 branch of the dungeon, and saw 8 of its levels.

You collected 294 gold pieces.

Inventory:

Hand Weapons
 v - a +1 vorpal spear
 w - a +2 whip of freezing
 y - a +2 flail of holy wrath (weapon)
 C - a +2 dagger of freezing
Missiles
 f - 187 stones
Armour
 b - a +0 robe (worn)
 c - a +0 hat (worn)
 e - a +0 buckler
 n - a +0 pair of gloves (worn)
 s - the +1 buckler of the Ecumenical Temple {Regen+ Int+5}
   (You found it on level 5 of the Dungeon)

   Int:       It affects your intelligence (+5).
   Regen:     It increases your rate of health regeneration.
 x - a +0 troll leather armour
Magical Staves
 d - a staff of cold
Jewellery
 B - a +4 ring of evasion (left hand)
Wands
 a - a wand of paralysis (3)
 g - a wand of flame (23)
Scrolls
 h - 2 scrolls of summoning {unknown}
 j - 4 scrolls of enchant weapon {unknown}
 k - 2 scrolls of identify {unknown}
 m - a scroll of fog {unknown}
 q - 2 scrolls of teleportation {unknown}
 r - 3 scrolls of vulnerability {unknown}
 u - a scroll of amnesia {unknown}
 A - 2 scrolls of fear {unknown}
 D - a scroll of magic mapping {unknown}
Potions
 i - 3 potions of haste {unknown}
 l - a potion of magic {unknown}
 o - 2 potions of lignification {unknown}
 p - 3 potions of curing {unknown}
 t - 3 potions of heal wounds {unknown}
 z - a potion of might {unknown}


   Skills:
 + Level 4.4 Fighting
 + Level 3.6 Armour
 - Level 2.1 Dodging
 - Level 1.5 Stealth
 + Level 3.5 Shields
 * Level 6.6 Spellcasting
 + Level 3.6 Invocations


You couldn't memorise any spells.
You knew the following spells:

 Your Spells              Type           Power      Damage    Failure   Level
a - Magic Dart            Conj           100%       1d8       1%          1
b - Blink                 Tloc           N/A        N/A       1%          2
c - Call Imp              Summ           29%        N/A       1%          2
d - Slow                  Hex            29%        N/A       1%          2
e - Conjure Flame         Conj/Fire      29%        6-21      2%          3
f - Mephitic Cloud        Conj/Pois/Air  29%        N/A       2%          3
g - Sandblast             Erth           58%        2d13      1%          1
h - Searing Ray           Conj           58%        3d5       1%          2
i - Lesser Beckoning      Tloc           14%        N/A       2%          3
j - Confusing Touch       Hex            29%        N/A       2%          3
Your spell library was empty.

Dungeon Overview and Level Annotations

Branches:
Dungeon (8/15)             Temple (0/1) D:7
   Lair: D:8-11

Altars:
Fedhas
Hepliaklqana
Makhleb
Okawaru
Ru
Uskayaw
Wu Jian
Xom

Shops:
D:6 [

Annotations:
D:2 1 runed translucent door, Crazy Yiuf
D:5 3 runed translucent doors, ScarCow's ghost, novice HuHu


Innate Abilities, Weirdness & Mutations

You are immune to sickness and miasma.
You are immune to poison.
Your flesh is very heat resistant. (rF++)
You are vulnerable to cold. (rC-)
You float through the air rather than walking.
You learn spells naturally, not from books.
Your magical power is your life essence.
You have superior vitality. (+4 HP)


Message History

Confirm with . or Enter, or press ? or * to list all spells.
A beastly little devil appears in a puff of flame.
* * * LOW HITPOINT WARNING * * *
The gargoyle hurls a stone arrow at you.
The stone arrow misses you.
Your crimson imp hits the gargoyle but does no damage.
Aiming: Paralyse
Press: ? - help, Shift-Dir - straight line, f/p - gargoyle
Aim: a gargoyle, wielding a +0 mace (heavily damaged, ally target, chance to affect: 28%)
The gargoyle suddenly stops moving!
Your crimson imp blinks!
Your crimson imp hits the gargoyle but does no damage.
Your crimson imp hits the gargoyle.
Your crimson imp hits the gargoyle.
Your crimson imp hits the gargoyle but does no damage.
Your crimson imp hits the gargoyle.
Your crimson imp hits the gargoyle but does no damage. x2
Your crimson imp hits the gargoyle but does no damage. x2
Casting: Call Imp (safe; 1% risk of failure)
Confirm with . or Enter, or press ? or * to list all spells.
A beastly little devil appears in a puff of flame.
* * * LOW HITPOINT WARNING * * *
Your crimson imp hits the gargoyle.
Your crimson imp hits the gargoyle but does no damage.
Your crimson imp hits the gargoyle but does no damage. x2
You swap places.
Your crimson imp hits the gargoyle but does no damage. x2
Your crimson imp hits the gargoyle but does no damage. x2
The gargoyle is no longer paralysed.
Your crimson imp hits the gargoyle but does no damage. x2
Your crimson imp blinks!
The gargoyle closely misses your crimson imp.
Your crimson imp barely misses the gargoyle.
Your crimson imp hits the gargoyle but does no damage.
The gargoyle hits your crimson imp with a +0 mace!
Your crimson imp dies!
Your crimson imp blinks!
The gargoyle hurls a stone arrow at you.
The stone arrow hits you!
You die...

..............#
#.###########.# #.#
#.# #.# #.# .. ..
#.# #.. .9 ######.#
#.###. #....@.#
..#.. #9###### ....
###.####### #..
#.........#
##.###.........#
#!.............#
......$###..)......#
#....#.
#............ #..#
.. #.........##.


You could see a gargoyle.

Vanquished Creatures
  Joseph (D:7)
  A troll (D:6)
  A black bear (D:5)
  A sky beast (D:7)
  An ogre (D:3)
  A necrophage (D:5)
  A centaur (D:7)
  A scorpion (D:6)
  A water moccasin skeleton (D:5)
  2 centaur skeletons (D:7)
  A hound (D:6)
  An orc priest (D:4)
  Jessica (D:2)
  2 orc wizards (D:3)
  Natasha (D:2)
  3 adders
  5 gnolls (D:5)
  An ufetubus (D:4)
  An adder skeleton (D:4)
  A worm (D:3)
  A dart slug (D:3)
  8 orcs
  7 ball pythons
  2 endoplasms
  5 giant cockroaches
  4 hobgoblins
  A quokka (D:1)
  2 bats
  4 frilled lizards
  2 goblins
  3 kobolds
  4 rats
71 creatures vanquished.

Vanquished Creatures (collateral kills)
  A centaur zombie (D:6)
  Duvessa (D:7)
  A wyvern zombie (D:7)
  A scorpion (D:6)
  Dowan (D:7)
  A howler monkey (D:5)
  A gnoll shaman (D:5)
  A hound (D:4)
  An iguana (D:5)
  Natasha (twice) (D:2)
  A hound skeleton (D:4)
  3 gnolls
  3 adders
  A white imp (D:7)
  2 worms
  8 orcs
  2 goblins (D:3)
  A hobgoblin (D:3)
  A ball python (D:2)
  A rat (D:3)
34 creatures vanquished.

Vanquished Creatures (others)
  5 fungi
  2 plants (D:4)
7 creatures vanquished.

Grand Total: 112 creatures vanquished

Notes
Turn   | Place    | Note
-------+----------+-------------------------------------------
     0 | D:1      | Fulminus the Djinni Hedge Wizard began the quest for the
                  | Orb.
     0 | D:1      | Reached XP level 1. HP: 15/15 MP: 0/0
   462 | D:1      | Reached XP level 2. HP: 15/21 MP: 0/0
   771 | D:2      | Noticed Jessica
   829 | D:2      | Reached skill level 3 in Spellcasting
  1042 | D:2      | Reached XP level 3. HP: 22/25 MP: 0/0
  1042 | D:2      | Learned a level 1 spell: Sandblast
  1180 | D:2      | Noticed Natasha
  1399 | D:2      | Killed Jessica
  1694 | D:2      | Killed Natasha
  1695 | D:2      | Reached XP level 4. HP: 4/31 MP: 0/0
  2091 | D:2      | Noticed Natasha
  2102 | D:2      | Killed Natasha
  2103 | D:2      | Reached skill level 4 in Spellcasting
  2310 | D:2      | Noticed Natasha
  2344 | D:2      | Killed Natasha
  2345 | D:2      | Reached XP level 5. HP: 19/35 MP: 0/0
  2345 | D:2      | Learned a level 2 spell: Searing Ray
  2653 | D:2      | Found a runed translucent door.
  2654 | D:2      | Noticed Crazy Yiuf
  2966 | D:3      | Found a burning altar of Makhleb.
  3020 | D:3      | Became a worshipper of Makhleb the Destroyer
  3837 | D:3      | Found a sacrificial altar of Ru.
  4110 | D:3      | Reached skill level 1 in Fighting
  4222 | D:3      | Found an iron altar of Okawaru.
  4261 | D:3      | Reached XP level 6. HP: 17/42 MP: 0/0
  4570 | D:3      | Noticed an ogre
  4588 | D:3      | Killed an ogre
  4775 | D:4      | Reached skill level 5 in Spellcasting
  4814 | D:4      | Reached * piety under Makhleb
  5239 | D:4      | Found a blossoming altar of Fedhas.
  5694 | D:5      | Entered Level 5 of the Dungeon
  5873 | D:5      | Identified the +1 buckler of the Ecumenical Temple {Regen+
                  | Int+5}
  6029 | D:5      | Noticed a necrophage
  6051 | D:5      | Killed a necrophage
  6052 | D:5      | Reached skill level 1 in Armour
  6052 | D:5      | Reached skill level 1 in Shields
  6052 | D:5      | Reached skill level 1 in Invocations
  6052 | D:5      | Reached XP level 7. HP: 12/49 MP: 0/0
  6052 | D:5      | Learned a level 3 spell: Lesser Beckoning
  6456 | D:5      | Found a runed translucent gate.
  6456 | D:5      | Found a runed translucent gate.
  6456 | D:5      | Found a runed translucent gate.
  6456 | D:5      | Noticed ScarCow's ghost (novice HuHu)
  7917 | D:5      | Found an ornate altar of the Wu Jian Council.
  7942 | D:5      | Found a hide-covered altar of Uskayaw.
  8045 | D:6      | Reached XP level 8. HP: 20/56 MP: 0/0
  8265 | D:6      | Noticed a troll
  8273 | D:6      | Killed a troll
  8274 | D:6      | Reached skill level 6 in Spellcasting
  8823 | D:6      | Found Ciliod's Antique Armour Shoppe.
  9061 | D:6      | Found a shimmering altar of Xom.
  9062 | D:6      | Found a hazy altar of Hepliaklqana.
  9063 | D:6      | Noticed a spectral ugly thing
  9459 | D:7      | Noticed a gargoyle
  9514 | D:7      | Noticed Joseph
  9907 | D:7      | Reached XP level 9. HP: 57/62 MP: 0/0
  9907 | D:7      | Learned a level 3 spell: Confusing Touch
 10032 | D:7      | Found a staircase to the Ecumenical Temple.
 10096 | D:7      | Noticed Dowan
 10097 | D:7      | Noticed Duvessa
 10103 | D:7      | Killed Dowan
 10114 | D:7      | Killed Duvessa
 10843 | D:7      | Killed Joseph
 11181 | D:8      | Killed from afar by a gargoyle

Illustrated notes

Levels and vault maps discovered:
D:1:      giann_horns, layout_rooms
D:2:      layout_basic, grunt_ministairs_6, grunt_decor_fettered, uniq_jessica,
          uniq_crazy_yiuf_cottage, uniq_natasha
D:3:      layout_loops_ring, nicolae_ru_great_annihilating_truth,
          okawaru_altar_gauntlet_db, general_overflow_altar,
          amcnicky_mini_rare_corridor_liquid
D:4:      layout_basic, fedhas_altar_3
D:5:      layout_layer_cave, nzn_wu_jian_council_hall, kennysheep_little_box,
          gammafunk_ghost_split
D:6:      layout_loops_ring, regret_index_temple_of_mockery, serial_shops,
          nicolae_shop_behind_doors, hangedman_abyss_or_decor_lesser_grid,
          dk_noncrumbling_4, grunt_decor_cap, minmay_small_thing
D:7:      layout_basic, minmay_temple_entry_trees, uniq_joseph, uniq_duvessa
D:8:      layout_loops_ring, vehumet_crystals, lair_entry_dummy

Skill      XL: |  1  2  3  4  5  6  7  8  9 |
---------------+----------------------------+-----
Spellcasting   | 3 4 5 6 |  6.6
Fighting       | 1 2 3 4 |  4.4
Armour         | 1 2 3 |  3.6
Shields        | 1 2 3 |  3.5
Invocations    | 1 2 3 |  3.6
Dodging        | |  2.1
Stealth        | |  1.5

Action                   |  1- 3 |  4- 6 |  7- 9 || total
-------------------------+-------+-------+-------++-------
Melee: Staff             |     4 |     7 |     6 ||    17
       Whip              |       |       |     3 ||     3
       Flail             |       |       |     7 ||     7
 Cast: Magic Dart        |    41 |   107 |    39 ||   187
       Call Imp          |     6 |    27 |    63 ||    96
       Mephitic Cloud    |       |     6 |    17 ||    23
       Sandblast         |       |     5 |    32 ||    37
       Searing Ray       |       |     4 |     4 ||     8
       Blink             |       |     2 |     4 ||     6
Evoke: Wand              |       |       |     1 ||     1
 Stab: Distracted        |       |       |     1 ||     1
Armor: Robe              |     2 |     9 |    11 ||    22
Dodge: Dodged            |    12 |    29 |    43 ||    84
